 Dungeon Crawl Stone Soup version 0.24-a0-291-g79c1ce7 (webtiles) character file.

Game seed: 17351808807607460505

61 frenix the Caller (level 4, 0/24 HPs)
             Began as a Tengu Summoner on May 9, 2019.
             Slain by a hobgoblin
             ... wielding a +0 club
             ... led by Robin
              (3 damage)
             ... on level 1 of the Dungeon.
             The game lasted 00:13:29 (3897 turns).

frenix the Caller (Tengu Summoner)                  Turns: 3897, Time: 00:13:30

Health: 0/24       AC:  1    Str: 10    XL:     4   Next: 7%
Magic:  3/10       EV: 12    Int: 15    God:
Gold:   76         SH:  0    Dex: 14    Spells: 6/9 levels left

rFire    . . .     SeeInvis .   e - +1 short sword
rCold    + . .     Gourm    .   (no shield)
rNeg     . . .     Faith    .   a - +0 robe
rPois    .         Spirit   .   (helmet restricted)
rElec    .         Reflect  .   (no cloak)
rCorr    .         Harm     .   h - -2 pair of gloves
MR       .....                  (boots unavailable)
Stlth    ++........             (no amulet)
HPRegen  0.08/turn              k - ring of protection from cold
MPRegen  0.12/turn              (no ring)

@: no status effects
A: beak, talons 3
a: no special abilities


You were on level 1 of the Dungeon.
You were not hungry.

You visited 1 branch of the dungeon, and saw 2 of its levels.

You collected 76 gold pieces.

Inventory:

Hand Weapons
 b - a +0 dagger
 e - a +1 short sword (weapon)
Armour
 a - a +0 robe (worn)
 d - a +0 leather armour
 h - a -2 pair of gloves (worn)
 n - a +0 plate armour
Jewellery
 k - a ring of protection from cold (left hand)
 m - an uncursed amulet of faith
Wands
 l - a wand of enslavement (12)
Scrolls
 f - a scroll of identify
 g - a scroll of remove curse
Potions
 j - a potion of might
Comestibles
 c - 2 rations


   Skills:
 - Level 0.6 Short Blades
 - Level 2.2 Dodging
 - Level 2.0 Stealth
 * Level 3.3 Spellcasting
 - Level 5.4 Summonings


You had 6 spell levels left.
You knew the following spells:

 Your Spells              Type           Power        Failure   Level  Hunger
a - Summon Small Mammal   Summ           ###.         1%          1    None
s - Call Imp              Summ           ###.....     3%          2    ##.....

Your spell library contained the following spells:

 Spells                   Type           Power        Failure   Level  Hunger
 Call Canine Familiar     Summ           ###.....     6%          3    ###....
 Summon Guardian Golem    Hex/Summ       ##......     19%         3    ###....
 Summon Ice Beast         Ice/Summ       ##......     54%         4    ####...
 Summon Lightning Spire   Summ/Air       ##......     54%         4    ####...


Dungeon Overview and Level Annotations

Branches:
Dungeon (2/15)

Altars:


Innate Abilities, Weirdness & Mutations

You have a beak for a mouth.
You have claws for feet.


Message History

Confirm with . or Enter, or press ? or * to list all spells.
Nothing appears to happen.
Your bat hits the hobgoblin but does no damage.
The jackal bites you.
* * * LOW HITPOINT WARNING * * *
The hobgoblin closely misses you. The hobgoblin misses your crimson imp.
Your crimson imp hits the hobgoblin.
Your crimson imp blinks!
The jackal closely misses you.
You miss the jackal. Your kick misses the jackal.
The hobgoblin closely misses you. The jackal bites you.
* * * LOW HITPOINT WARNING * * *
Your crimson imp hits the hobgoblin.
You hit the jackal. Your kick misses the jackal. Your peck misses the jackal.
The jackal is moderately wounded.
Your bat hits the hobgoblin but does no damage.
The jackal bites you.
* * * LOW HITPOINT WARNING * * *
The hobgoblin hits you with a +0 club.
You die...

#.............#).# ##.
#.....#.#.#.#.#.#########.
#.............#.#.........
#........###.##.#.########
########.......## #....#[#......#
.......#.......# ####.#.#......#
.......#.......# #.#.#.......
.......#.......##### #.#.#.......
...........#####@hg# #.#.#.......
#######...## ##g5# #.#.#....รท..
# #...# #b5# #...###.###) # #...#
#..###..## #.###. # #...#
#..'....####..... # #...#
#..###.##.#####.#
#######...#######..# #.##.####..#
......#...#........# #...........
......#...#.......###########..##


You could see a jackal, 2 hobgoblins, 2 friendly crimson imps and a friendly
bat.

Vanquished Creatures
  4 goblins
  4 hobgoblins
  2 bats (D:1)
  A kobold (D:2)
  A rat (D:2)
12 creatures vanquished.

Vanquished Creatures (collateral kills)
  Robin (D:2)
  An adder (D:2)
  An ooze (D:1)
  A worm (D:2)
  2 dart slugs (D:1)
  A leopard gecko (D:1)
  A giant cockroach (D:2)
  9 goblins
  4 hobgoblins
  10 jackals
  3 bats
  4 frilled lizards
  7 kobolds (D:1)
  5 rats
50 creatures vanquished.

Grand Total: 62 creatures vanquished

Notes
Turn   | Place    | Note
-------+----------+-------------------------------------------
     0 | D:1      | frenix the Tengu Summoner began the quest for the Orb.
     0 | D:1      | Reached XP level 1. HP: 10/10 MP: 4/4
   678 | D:1      | Reached skill level 5 in Summonings
   845 | D:1      | Reached XP level 2. HP: 11/15 MP: 1/6
  1868 | D:1      | Learned a level 2 spell: Call Imp
  2007 | D:1      | Reached XP level 3. HP: 16/19 MP: 0/7
  3676 | D:2      | Noticed Robin
  3704 | D:2      | Killed Robin
  3704 | D:2      | Reached XP level 4. HP: 14/24 MP: 1/9
  3897 | D:1      | Slain by a hobgoblin

Levels and vault maps discovered:
D:1:      roderic_chinese_lattice_arrival, layout_basic,
          serial_co_window_serial, co_window_corner_a, co_window_corner_a,
          co_window_corner_a, co_window_paths_a, co_window_paths_a,
          co_window_corner_cb, co_window_cross_3, co_window_unsneaky_path_b,
          co_window_paths_d, glass_columns_b, glass_columns_c, glass_columns_b,
          glass_columns_c, glass_columns_b, minmay_pentomino_v2
D:2:      layout_rooms, nemelex_altar_shiori, uniq_robin

Skill      XL: |  1  2  3 |
---------------+----------+-----
Summonings     | 5 |  5.4
Spellcasting   | 3 |  3.3
Short Blades   | |  0.6
Dodging        | |  2.2
Stealth        | |  2.0

Action                   |  1- 3 |  4- 6 || total
-------------------------+-------+-------++-------
Melee: Unarmed           |     1 |       ||     1
       Dagger            |     5 |       ||     5
       Short sword       |    17 |     6 ||    23
       Peck              |     3 |       ||     3
       Kick              |     2 |     1 ||     3
 Cast: Summon Small Mamm |    80 |     2 ||    82
       Call Imp          |    42 |     3 ||    45
  Use: Scroll            |     5 |       ||     5
 Stab: Sleeping          |     1 |       ||     1
  Eat: Chunk             |     8 |     1 ||     9
       Ration            |     1 |       ||     1
Armor: Robe              |    11 |       ||    11
Dodge: Dodged            |    42 |    17 ||    59

Table legend:
 A = Non-vault XP
 B = Vault XP
 C = Vault XP percentage of total XP
 D = Non-vault monster count
 E = Vault monster count
 F = Vault count percentage of total count
                 A         B        C        D         E       F
            +---------+---------+-------+---------+---------+-------
      Total |      66 |      22 |  25.0 |      51 |      11 |  17.7
            +---------+---------+-------+---------+---------+-------
        D:1 |      42 |       3 |   6.7 |      35 |       2 |   5.4
        D:2 |      24 |      19 |  44.2 |      16 |       9 |  36.0
            +---------+---------+-------+---------+---------+-------
